Map: Frozen Temple

Players

lIlIIIIllI

  • Race: Terran Terran
  • League: Master

NORTHAMERICA - Winner!

  • Race: Protoss Protoss
  • League: Grandmaster

VOD

Have the link to the VOD?

Description

Time

  • Played on: Nov. 5, 2016, 1:23 a.m.
  • Length: 13:27
Show
View Real Time Build Order
Export as new Build Order

lIlIIIIllI Terran 

Build Orders: MMM Bio 

Get SALT Encoding   

  12  0:00  SCV  
  13  0:12  SCV  
  14  0:17  Supply Depot  
  14  0:24  SCV  
  15  0:39  SCV  
  15  0:41  Barracks  
  16  0:43  Refinery  
  16  0:51  SCV  
  17  1:03  SCV  
  18  1:15  SCV  
  19  1:28  Orbital Command, Barracks Reactor  
  19  1:42  Unknown, Command Center  
  19  1:50  Supply Depot  
  19  1:54  SCV  
  20  2:04  Marine x2  
  20  2:06  SCV  
  23  2:18  SCV  
  23  2:21  Marine x2  
  26  2:25  Barracks  
  26  2:31  SCV  
  27  2:39  Marine x2  
  27  2:41  Factory  
  29  2:48  SCV  
  30  2:54  Unknown  
  30  2:55  Orbital Command  
  30  2:57  Marine x2  
  32  3:00  Refinery  
  32  3:09  SCV  
  33  3:13  Barracks Tech Lab  
  33  3:15  Marine x2  
  35  3:21  SCV  
  35  3:22  SCV  
  37  3:32  Marine, Stimpack  
  37  3:33  SCV  
  39  3:34  Starport  
  39  3:39  Marine x2  
  39  3:41  Factory Reactor  
  41  3:44  SCV  
  41  3:46  SCV  
  43  3:50  Marine, Supply Depot  
  44  3:56  SCV  
  44  3:57  Marine  
  44  3:59  Supply Depot  
  46  4:05  Barracks  
  46  4:11  SCV x2, Marine  
  46  4:13  Marine  
  50  4:22  Medivac  
  50  4:23  Medivac  
  50  4:24  SCV x2  
  56  4:28  Refinery  
  56  4:32  Supply Depot  
  56  4:34  Marine  
  56  4:35  Marine  
  58  4:39  SCV  
  58  4:41  SCV  
  58  4:43  Marine  
  61  4:46  Factory Reactor  
  61  4:51  SCV  
  62  4:54  Medivac  
  62  4:55  Refinery  
  62  4:56  Medivac  
  62  4:57  Marine  
  67  5:07  SCV  
  67  5:09  Barracks  
  67  5:10  Supply Depot  
  67  5:11  Barracks Tech Lab  
  67  5:12  SCV  
  69  5:15  Marine  
  69  5:20  Supply Depot  
  70  5:31  Marine, Widow Mine x2  
  70  5:32  Marauder  
  70  5:33  Combat Shields  
  76  5:35  Marine  
  76  5:42  Marauder, Supply Depot  
  79  5:46  Supply Depot  
  79  5:51  Marine, Supply Depot  
  79  5:58  Marauder, Marine  
  79  5:59  Barracks Tech Lab  
  80  6:07  Marauder  
  82  6:12  Widow Mine, Marine  
  82  6:14  Widow Mine  
  87  6:20  Marauder  
  87  6:24  Marauder  
  87  6:25  Marine  
  80  6:29  Marauder  
  80  6:30  Marine  
  83  6:40  SCV  
  83  6:41  Marauder  
  83  6:43  Marine  
  83  6:46  Marauder, SCV  
  82  6:47  Marine  
  82  6:50  Marine  
  82  6:52  Concussive Shells  
  83  7:01  Marine  
  84  7:03  Marauder  
  84  7:05  Marine  
  84  7:07  Marauder  
  84  7:08  Marauder  
  84  7:17  Widow Mine  
  84  7:18  Marine  
  87  7:24  Marauder  
  87  7:26  Marine  
  87  7:28  Marauder  
  87  7:29  Marauder  
  93  7:36  Marine  
  91  7:41  Widow Mine  
  91  7:42  Medivac  
  93  7:44  Marine  
  93  7:45  Marauder  
  93  7:50  Marauder  
  93  7:51  Marauder  
  94  7:54  Marine  
  95  8:02  Marine  
  96  8:06  Marine  
  96  8:09  Unknown, Command Center  
  96  8:11  Marine x2  
  88  8:20  Marine x2  
  88  8:25  Marauder  
  83  8:29  Marauder  
  83  8:30  Marauder, SCV x2  
  83  8:33  Medivac  
  83  8:34  Medivac  
  93  8:40  Supply Depot  
  93  8:41  Marine  
  93  8:44  Widow Mine  
  93  8:46  Marauder  
  98  8:49  SCV x2  
  98  8:50  Marauder  
  98  8:51  Marauder  
  98  8:53  Marine  
  105  9:01  SCV x2, Marine  
  108  9:07  Marauder  
  110  9:11  Marine  
  110  9:12  Medivac x2, Marauder  
  110  9:16  Supply Depot  
  117  9:20  Unknown, Widow Mine, Marine  
  117  9:21  Marauder  
  117  9:23  Supply Depot  
  123  9:24  SCV, Supply Depot  
  123  9:27  Orbital Command  
  123  9:28  SCV  
  124  9:37  Marine  
  124  9:38  Engineering Bay  
  125  9:39  Engineering Bay  
  125  9:40  Marine  
  124  9:50  Marine  
  124  9:51  Marauder  
  125  9:58  Marine  
  125  9:59  Marauder  
  126  10:00  Viking x2  
  126  10:04  Marine  
  131  10:09  Marauder  
  131  10:12  Marine  
  127  10:14  Widow Mine  
  127  10:15  Widow Mine  
  127  10:20  Marauder  
  133  10:22  Marine  
  134  10:30  Marauder  
  136  10:38  Viking x2  
  136  10:40  Terran Infantry Weapons Level 1, Starport  
  140  10:46  Widow Mine x2  
  144  10:58  Marauder, Marine  
  144  11:03  Marauder x2  
  151  11:08  Viking  
  151  11:11  Barracks  
  153  11:18  Unknown, Command Center  
  153  11:24  Marauder  
  157  11:28  Terran Infantry Armor Level 1  
  157  11:30  Marine x2  
  157  11:32  Armory, Supply Depot  
  151  11:50  Marauder x2, Marine x2  
  151  11:53  Marauder  
  155  11:54  Viking x2  
  155  11:55  Starport Reactor  
  159  12:08  Marine  
  160  12:14  Marauder, Widow Mine  
  164  12:17  Barracks Tech Lab  
  164  12:20  Barracks  
  164  12:21  Supply Depot x2  
  164  12:22  Ghost Academy, Supply Depot  
  164  12:29  Unknown, Widow Mine  
  166  12:31  Viking x3  
  172  12:42  Viking  
  172  12:43  Marauder x3  
Show
View Real Time Build Order
Export as new Build Order

NORTHAMERICA Protoss - Winner!

Build Orders: 1 Gate Expand, Blink Stalkers 

Get SALT Encoding   

  12  0:01  Probe (Chrono Boost)  
  13  0:12  Probe (Chrono Boost)  
  14  0:18  Pylon  
  14  0:23  Probe (Chrono Boost)  
  15  0:36  Probe (Chrono Boost)  
  15  0:37  Gateway  
  16  0:47  Probe (Chrono Boost)  
  16  0:48  Assimilator  
  17  0:58  Probe (Chrono Boost)  
  18  1:08  Probe (Chrono Boost)  
  19  1:20  Unknown, Nexus  
  19  1:32  Cybernetics Core  
  19  1:35  Probe (Chrono Boost)  
  20  1:41  Assimilator  
  20  1:45  Probe (Chrono Boost)  
  21  1:54  Pylon  
  21  1:56  Probe (Chrono Boost)  
  22  2:06  Probe (Chrono Boost)  
  23  2:12  Adept  
  25  2:17  Mothership Core (Chrono Boost)  
  25  2:21  Warp Gate  
  26  2:32  Unknown  
  26  2:33  Probe (Chrono Boost)  
  26  2:35  Probe (Chrono Boost)  
  28  2:40  Twilight Council  
  29  2:44  Probe (Chrono Boost)  
  29  2:46  Probe (Chrono Boost)  
  30  2:55  Probe (Chrono Boost)  
  30  2:56  Probe (Chrono Boost)  
  30  2:58  Gateway  
  32  3:02  Pylon  
  32  3:08  Gateway  
  32  3:12  Probe (Chrono Boost)  
  33  3:13  Probe (Chrono Boost)  
  34  3:23  Probe (Chrono Boost)  
  35  3:29  Probe (Chrono Boost), Blink, Robotics Facility  
  35  3:34  Probe (Chrono Boost)  
  35  3:36  Sentry  
  35  3:39  Probe (Chrono Boost)  
  38  3:47  Probe (Chrono Boost)  
  39  3:50  Probe (Chrono Boost)  
  40  3:59  Probe (Chrono Boost)  
  40  4:00  Probe (Chrono Boost)  
  42  4:03  Pylon  
  42  4:11  Probe (Chrono Boost)  
  42  4:12  Probe (Chrono Boost)  
  42  4:14  Assimilator, Observer  
  45  4:24  Probe x2 (Chrono Boost)  
  47  4:27  Stalker x3  
  53  4:32  Pylon  
  53  4:36  Probe x2 (Chrono Boost)  
  55  4:44  Forge  
  55  4:45  Assimilator  
  55  4:47  Probe (Chrono Boost)  
  55  4:48  Probe (Chrono Boost)  
  57  4:53  Observer  
  57  4:57  Probe (Chrono Boost)  
  57  4:58  Gateway  
  57  4:59  Sentry  
  62  5:00  Probe (Chrono Boost), Gateway  
  62  5:08  Probe (Chrono Boost)  
  62  5:11  Pylon  
  62  5:12  Probe (Chrono Boost)  
  64  5:18  Probe (Chrono Boost)  
  64  5:21  Stalker x2  
  69  5:24  Probe (Chrono Boost)  
  69  5:26  Pylon  
  70  5:36  Stalker, Protoss Ground Weapons Level 1  
  70  5:38  Probe (Chrono Boost)  
  70  5:41  Robotics Bay  
  73  5:44  Pylon  
  73  5:47  Stalker, Pylon  
  73  5:49  Adept  
  77  6:00  Probe x2 (Chrono Boost)  
  77  6:06  Stalker  
  79  6:14  Probe (Chrono Boost)  
  79  6:15  Adept x2  
  79  6:16  Pylon  
  84  6:18  Pylon  
  82  6:27  Colossus  
  82  6:31  Probe (Chrono Boost)  
  88  6:43  Unknown, Extended Thermal Lance, Nexus  
  84  6:48  Stalker x4  
  88  6:59  Pylon  
  88  7:12  Probe (Chrono Boost)  
  88  7:13  Adept x2  
  88  7:14  Adept x2  
  96  7:18  Observer  
  92  7:31  Probe (Chrono Boost), Pylon  
  86  7:37  Stalker x4  
  86  7:44  Mothership Core (Chrono Boost)  
  94  7:50  Colossus  
  95  7:51  Probe (Chrono Boost)  
  101  8:05  Unknown, Nexus  
  101  8:06  Pylon  
  101  8:07  Adept  
  101  8:08  Adept x4, Pylon  
  111  8:18  Protoss Ground Weapons Level 2  
  103  8:29  Probe (Chrono Boost)  
  103  8:30  Adept x4  
  103  8:33  Resonating Glaives  
  113  8:34  Probe (Chrono Boost)  
  113  8:47  Assimilator  
  115  8:48  Assimilator  
  115  8:49  Probe x2 (Chrono Boost), Colossus  
  115  8:51  Pylon  
  109  9:10  Sentry  
  109  9:14  Probe (Chrono Boost)  
  109  9:16  Probe (Chrono Boost), Unknown, Photon Cannon  
  113  9:21  Adept  
  113  9:22  Adept x2  
  119  9:28  Probe (Chrono Boost)  
  119  9:31  Probe (Chrono Boost)  
  119  9:37  Stalker x2  
  123  9:52  Stalker x3, Colossus  
  129  10:17  Probe (Chrono Boost)  
  129  10:18  Templar Archives  
  129  10:21  Sentry  
  131  10:33  Probe (Chrono Boost)  
  131  10:34  Stalker x4  
  134  10:38  Colossus  
  132  10:44  Gateway  
  132  10:45  Gateway  
  138  10:51  Psionic Storm  
  138  10:56  Probe (Chrono Boost)  
  139  10:58  Unknown, Nexus  
  139  10:59  Pylon  
  139  11:05  High Templar  
  139  11:06  High Templar  
  143  11:11  High Templar  
  145  11:21  Stalker  
  145  11:24  Adept  
  149  11:28  Colossus  
  149  11:35  Probe (Chrono Boost)  
  149  11:39  Photon Cannon  
  151  11:57  High Templar  
  151  11:59  Adept x4  
  159  12:09  Unknown  
  165  12:25  High Templar x2, Stalker  
  165  12:26  Stalker x2  
  165  12:28  Warp Prism  
  165  12:29  Archon  
  173  12:34  Stalker x2  
  173  12:38  Assimilator  
  173  12:39  Probe (Chrono Boost)  
  173  12:40  Assimilator  
  173  12:41  Probe (Chrono Boost)  
  173  12:42  Pylon  
  173  12:43  Probe (Chrono Boost)  
  176  12:51  Stalker x3  
  159  13:23  Archon  
Tags
 
Add a new tag
Caveats
  • Supply blocks, unpowered buildings, or Contaminate may cause inaccurate times.
  • Supply counts are checked every 10 seconds.